 Dungeon Crawl Stone Soup version 0.21.1-1-g345015f (webtiles) character file.

64 Kairos the Shield-Bearer (level 4, -1/37 HPs)
             Began as a Formicid Fighter on Apr 27, 2018.
             Slain by a jackal (2 damage)
             ... on level 2 of the Dungeon.
             The game lasted 00:01:22 (1295 turns).

Kairos the Shield-Bearer (Formicid Fighter)         Turns: 1295, Time: 00:01:22

Health: -1/37      AC:  6    Str: 21    XL:     4   Next: 32%
Magic:  4/4        EV: 13    Int: 12    God:
Gold:   17         SH: 10    Dex: 16    Spells: 3/3 levels left

rFire    . . .     SeeInvis +   a - +0 quarterstaff
rCold    . . .     Gourm    .   c - +0 shield
rNeg     . . .     Faith    .   b - +0 scale mail
rPois    .         Spirit   .   (helmet unavailable)
rElec    .         Reflect  .   (no cloak)
rCorr    .         Harm     .   (no gloves)
MR       .....                  (no boots)
Stlth    +.........             (no amulet)
HPRegen  0.12/turn              (no ring)
MPRegen  0.09/turn              (no ring)

@: brilliant, agile, lethally poisoned (-1 -> -3)
A: permanent stasis, dig shafts and tunnels, four strong arms, antennae 3
a: Dig, Shaft Self


You were on level 2 of the Dungeon.
You were hungry.

You visited 1 branch of the dungeon, and saw 2 of its levels.

You collected 17 gold pieces.

Inventory:

Hand Weapons
 a - a +0 quarterstaff (weapon)
 e - a +0 hunting sling of freezing
Armour
 b - a +0 scale mail (worn)
 c - a +0 shield (worn)
Jewellery
 j - a +3 ring of intelligence {unknown}
Scrolls
 h - 2 scrolls of magic mapping {unknown}
 i - a scroll of immolation {unknown}
Potions
 d - a potion of might
 l - a potion of flight {unknown}
Comestibles
 f - a ration


   Skills:
 + Level 3.7 Fighting
 + Level 3.1 Staves
 + Level 3.6 Armour
 + Level 0.1 Dodging
 + Level 4.2 Shields


You had 3 spell levels left.
You didn't know any spells.

Dungeon Overview and Level Annotations

Branches:
Dungeon (2/15)

Altars:


Innate Abilities, Weirdness & Mutations

You cannot be hasted, slowed, berserked, paralysed or teleported.
You can dig through walls and to a lower floor.
Your four strong arms can wield two-handed weapons with a shield.
You have a pair of large antennae on your head. (SInv)


Message History

You feel sick.
The jackal bites you but does no damage.
You block the jackal's attack.
The jackal bites you but does no damage. x2
You sock the jackal!
You kill the jackal!
* * * LOW HITPOINT WARNING * * *
You feel sick. You block the jackal's attack.
Unknown command.
The jackal bites you but does no damage.
You see here a jackal corpse.
Unknown command.
It was a potion of brilliance.
You feel clever all of a sudden. The jackal barely misses you.
It was a potion of agility.
You feel agile all of a sudden.
* * * LOW HITPOINT WARNING * * *
You feel sick. You block the jackal's attack. The jackal bites you.
You die...

# # ###### # #....# #####
###....## ######...##
..'.....######..#......#
###..........#..#...(†.# #
#.....######.....#......... #
#.....#..#....#h.#.........
#####'#.#..#....@#######.....
....#####.....#..# .....
.###..#..#....#..# ....
..##..#.....###### ...
..##.....#..# # ###
..#......#..#.+
..#....######.#
###.##........#
....##........#


You could see a jackal.

Vanquished Creatures
  An adder (D:2)
  A worm (D:2)
  A dart slug (D:1)
  A leopard gecko (D:1)
  4 giant cockroaches
  8 goblins
  3 hobgoblins
  9 jackals
  4 bats (D:1)
  A frilled lizard (D:1)
  6 kobolds
  5 rats (D:1)
44 creatures vanquished.

Notes
Turn   | Place    | Note
-------+----------+-------------------------------------------
     0 | D:1      | Kairos the Formicid Fighter began the quest for the Orb.
     0 | D:1      | Reached XP level 1. HP: 18/18 MP: 1/1
   174 | D:1      | Reached XP level 2. HP: 15/24 MP: 2/2
   363 | D:1      | Reached XP level 3. HP: 26/29 MP: 3/3
   497 | D:1      | Reached skill level 4 in Shields
  1183 | D:2      | Reached XP level 4. HP: 33/36 MP: 4/4
  1295 | D:2      | HP: 1/37 [poisoned by an adder]
  1295 | D:2      | Slain by a jackal

Skill      XL: |  1  2  3 |
---------------+----------+-----
Shields        | 4 |  4.2
Staves         | 3 |  3.1
Fighting       | |  3.7
Armour         | |  3.6
Dodging        | |  0.1

Action                   |  1- 3 |  4- 6 || total
-------------------------+-------+-------++-------
Melee: Quarterstaff      |   113 |    40 ||   153
  Use: Potion            |       |     2 ||     2
  Eat: Chunk             |       |     1 ||     1
Armor: Scale mail        |    37 |    25 ||    62
Dodge: Dodged            |    36 |    29 ||    65
Block: Shield            |    59 |    39 ||    98
